 Dungeon Crawl Stone Soup version 0.19.4 (webtiles) character file.

678298 Mobo the Metallomancer (level 27, -1/171 HPs)
             Began as a Gargoyle Earth Elementalist on Jan 29, 2017.
             Was the Champion of Vehumet.
             Slain by Vaskiuro the pandemonium lord (20 damage)
             ... on level 11 of a ziggurat on Jan 30, 2017.
             The game lasted 07:25:55 (97075 turns).

Mobo the Metallomancer (GrEE)                      Turns: 97075, Time: 07:25:56

Health: -1/171     AC: 33    Str: 18    XL:     27
Magic:  0/58       EV: 27    Int: 28    God:    Vehumet [******]
Gold:   7308       SH:  9    Dex: 17    Spells: 11 memorised, 5 levels left

rFire  + . .     SeeInvis +     N - +8 demon blade (elec)
rCold  + . .     Gourm    +     x - +2 robe {Archmagi}
rNeg   + + .     Faith    .     C - +3 buckler
rPois  ∞         Spirit   .     Q - -2 hat of the Alchemist {rElec rPois rF+ rC+ rN+ MR+ rMut rCorr}
rElec  +         Reflect  .     j - +2 cloak
rCorr  +         Harm     .     k - +2 pair of gloves
rMut   +                        t - +2 pair of boots {run}
MR     +++..                    m - amulet of the gourmand
Stlth  ++++......               E - ring of see invisible
                                L - ring of magical power

@: mighty, agile, flying, very slightly contaminated, studying 2 skills,
invisible, quick
A: big wings, thin skeletal structure 1, negative energy resistance 1,
regeneration 1, electricity resistance, wild magic 1, unbreathing, petrification
resistance, rot immunity, AC +20
a: Stop Flying, Renounce Religion
}: 3/15 runes: decaying, silver, gossamer


You were on level 11 of a ziggurat.
You worshipped Vehumet.
Vehumet was exalted by your worship.
You were very full.

You visited 10 branches of the dungeon, and saw 48 of its levels.
You visited 1 ziggurat, and saw 11 of its levels.
You also visited: Labyrinth, Ice Cave and Wizlab.

You collected 9980 gold pieces.
You spent 2672 gold pieces at shops.

Inventory:

Hand Weapons
 N - a +8 demon blade of electrocution (weapon)
Armour
 j - a +2 cloak (worn)
 k - a +2 pair of gloves (worn)
 t - a +2 pair of boots of running (worn)
 x - a +2 robe of the Archmagi (worn)
 C - a +3 buckler (worn)
 G - the +1 leather armour of the Fife {rN++ MR-}
   (You found it on level 2 of the Depths)

   It greatly protects you from negative energy.
   It affects your resistance to hostile enchantments.
 Q - the -2 hat of the Alchemist (worn) {rElec rPois rF+ rC+ rN+ MR+ rMut rCorr}
   (You found it on level 6 of a ziggurat)

   It protects you from fire.
   It protects you from cold.
   It insulates you from electricity.
   It protects you from poison.
   It protects you from negative energy.
   It affects your resistance to hostile enchantments.
   It protects you from acid and corrosion.
   It protects you from mutation.
Magical Staves
 e - an uncursed staff of energy
 o - an uncursed staff of power
 w - an uncursed staff of fire
Jewellery
 m - an amulet of the gourmand (around neck)
 p - a +5 ring of evasion
 y - an uncursed ring of wizardry
 E - a ring of see invisible (right hand)
 L - a ring of magical power (left hand)
Wands
 J - a wand of hasting (3/9)
 W - a wand of teleportation (6/9)
Scrolls
 b - 3 scrolls of fear
 h - 12 scrolls of fog
 i - 30 scrolls of remove curse
 l - 4 scrolls of magic mapping
 r - 13 scrolls of teleportation
 z - 18 scrolls of recharging
 B - 3 scrolls of amnesia
 F - 9 scrolls of blinking
 M - 3 scrolls of immolation
 R - 7 scrolls of summoning
 T - a scroll of enchant armour
 Y - 12 scrolls of identify
Potions
 c - 2 potions of agility
 d - 2 potions of ambrosia
 f - 20 potions of curing
 g - 2 potions of might
 n - 6 potions of cure mutation
 s - 5 potions of heal wounds
 v - a potion of invisibility
 A - 2 potions of magic
 P - 2 potions of cancellation
Books
 q - a manual of Ice Magic
 u - a manual of Ice Magic
 U - a manual of Fighting
Miscellaneous
 a - a disc of storms
Comestibles
 D - a fruit
 H - 16 meat rations
 I - 2 bread rations


   Skills:
 - Level 17.1 Fighting
 - Level 14.9 Long Blades
 - Level 9.0 Armour
 - Level 13.1 Dodging
 - Level 2.1 Stealth
 - Level 6.0 Shields
 - Level 22.0 Spellcasting
 - Level 18.2 Conjurations
   Level 0.7 Transmutations
 + Level 22.3 Fire Magic
 - Level 24.2 Earth Magic


You had 5 spell levels left.
You knew the following spells:

 Your Spells              Type           Power        Failure   Level  Hunger
a - Shatter               Erth           ########..   4%          9    ######.
b - Stone Arrow           Conj/Erth      ######       1%          3    None
c - Lee's Rapid Deconstr  Erth           ########..   1%          5    None
d - Glaciate              Conj/Ice       ########..   100%        9    ######.
e - Repel Missiles        Chrm/Air       ######       2%          2    None
f - Fireball              Conj/Fire      ########..   1%          5    None
g - Bolt of Fire          Conj/Fire      ########..   1%          6    None
h - Poison Arrow          Conj/Pois      ########..   2%          6    None
i - Iron Shot             Conj/Erth      ########..   1%          6    None
k - Bolt of Magma         Conj/Fire/Erth ########..   1%          5    None
l - Fire Storm            Conj/Fire      ########..   11%         9    ######.


Dungeon Overview and Level Annotations

Branches:
Dungeon (15/15)            Temple (1/1) D:4            Lair (6/6) D:9
  Swamp (4/4) Lair:2       Spider (4/4) Lair:3        Slime (0/5) Lair:6
    Orc (2/2) D:9             Elf (3/3) Orc:2        Vaults (5/5) D:14
  Crypt (3/3) Vaults:2       Tomb (0/3) Crypt:3      Depths (5/5) D:15
    Zot (0/5) Depths:5

Altars:
Ashenzari
Cheibriados
Dithmenos
Elyvilon
Fedhas
Gozag
Hepliaklqana
Kikubaaqudgha
Makhleb
Nemelex Xobeh
Okawaru
Qazlal
Ru
Sif Muna
Trog
Uskayaw
Vehumet
Xom
Yredelemnul
Zin
The Shining One
Jiyva
Lugonu

Shops:
D:5 :?(!(   D:6 (   D:7 *   Orc:2 !(!   Vaults:1 (   Vaults:2 ?   Vaults:5 *
Depths:2 %

Portals:
Hell: Depths:1 Depths:2 Depths:3 Depths:4 Depths:5
Abyss: Depths:4 Depths:5
Pandemonium: Depths:3


Innate Abilities, Weirdness & Mutations

You are resistant to torment.
Your stone body is resilient. (AC +20)
You are immune to poison.
Your large and strong wings let you fly indefinitely.
You resist negative energy. (rN+)
You are resistant to electric shocks. (rElec)
You can survive without breathing.
You are immune to petrification.
You are immune to rotting.
You have a somewhat thin skeletal structure. (Dex +2, Stealth)
Your natural rate of healing is unusually fast.
Your spells are a little harder to cast, but a little more powerful.


Message History

The monstrous warmonger completely misses you.
Vaskiuro is lost in a daze.
You slash Vaskiuro!
Vaskiuro is severely wounded.
The monstrous warmonger hits you but does no damage.
The monstrous warmonger claws you.
The monstrous warmonger gores you but does no damage.
The infernal warmonger hits you with a battleaxe of electrocution!!
* * * LOW HITPOINT WARNING * * *
You are engulfed in flames!
You resist.
* * * LOW HITPOINT WARNING * * *
Vaskiuro hits you!!
* * * LOW HITPOINT WARNING * * *
You feel your power leaking away.
Unknown command.
You feel much better. The monstrous warmonger hits you!
* * * LOW HITPOINT WARNING * * *
You block the monstrous warmonger's attack. x2
Vaskiuro hits you!!
You die...

▓.........▓
▓.........▓
▓▓▓▓▓▓▓.........▓
▓............))..
▓.......#....(#..
▓..........(..)).
▓.........6.....)
▓∩.......@&2.....
▓.........6......
▓................
▓.......#.....#..
▓................
▓▓▓▓▓▓▓.........▓
▓.........▓
▓.........▓


You could see Vaskiuro (dazed), a cacodemon and 2 demonspawn.

Vanquished Creatures
  Mara (Vaults:5)
  The ghost of coldbreeze the Pyromancer, a legendary DrCj of Kikubaaqudgha (Zig:7)
  2 juggernauts
  6 ancient liches
  Frederick (Depths:4)
  Boris (twice) (Vaults:5 Depths:5)
  Bai Suzhen (Depths:1)
  Margery (Depths:5)
  3 caustic shrikes
  Xtahua (Vaults:3)
  2 Killer Klowns (Zig:6)
  Saint Roka (Elf:2)
  A curse toe (Crypt:3)
  Nikola (Vaults:3)
  5 golden dragons
  The ghost of Angani the Merry Centaur, an adept CeHu of Okawaru (Depths:4)
  Arachne (Spider:4)
  Jorgrun (Spider:3)
  A bone dragon (Zig:3)
  An iron giant (Zig:8)
  A Hellbinder (WizLab)
  A doom hound (Zig:3)
  4 tentacled monstrosities
  7 titans
  6 liches
  4 deep elf master archers (Elf:3)
  Asterion (Spider:4)
  5 quicksilver dragons
  2 deep elf blademasters (Elf:3)
  An Executioner (Zig:11)
  8 tengu reavers
  7 storm dragons
  5 sphinxes
  6 ancient champions
  Kirke (Swamp:1)
  2 thorn hunters (Swamp:4)
  The ghost of toffzen the Warrior, an adept GrGl of Trog (Spider:2)
  6 shadow dragons
  Donald (Swamp:1)
  The ghost of Kloppie the Severer, an adept DsBe of Trog (Swamp:3)
  3 revenants
  A fire giant (shapeshifter) (Zig:6)
  17 fire giants
  14 frost giants
  A draconian knight (Depths:5)
  19 vault wardens
  3 balrugs
  An iron dragon (Depths:4)
  Roxanne (Elf:2)
  8 ghost moths
  2 warmongers (Zig:11)
  13 deep elf sorcerers
  2 ghouls (Crypt:3)
  4 emperor scorpions
  A curse skull (Crypt:3)
  Aizul (Lair:2)
  Louise (Spider:3)
  15 very ugly things
  A caustic shrike skeleton (Depths:4)
  23 ironheart preservers
  An angel (Depths:3)
  A draconian annihilator (Depths:5)
  7 deep elf elementalists
  5 reapers
  A spriggan defender (Depths:2)
  5 entropy weavers
  5 war gargoyles
  27 stone giants
  An ophan (Zig:2)
  5 vampire knights
  A lorocyproca (Zig:11)
  12 deep elf demonologists
  A black sun (Zig:11)
  13 deep elf annihilators
  A white draconian (Zig:1)
  A red draconian (Depths:5)
  A mottled draconian (Depths:5)
  3 purple draconians (Depths:5)
  A merfolk javelineer (Depths:1)
  13 deep elf death magi
  A minotaur (Lab)
  18 spark wasps
  8 eidola
  4 crystal guardians
  19 ettins
  2 blizzard demons (Zig:10)
  14 fire dragons
  Josephine (Lair:5)
  4 green deaths
  8 great orbs of eyes
  5 deep elf high priests
  20 yaktaur captains
  12 jiangshi
  A great orb of eyes (shapeshifter) (Vaults:5)
  18 hydras
  A merfolk avatar (Lair:6)
  Fannar (D:11)
  A caustic shrike simulacrum (Depths:4)
  A hell beast (WizLab)
  38 vault guards
  7 rakshasas
  9 ice dragons
  3 ghost crabs
  10 centaur warriors
  6 spriggan air magi
  5 death knights
  2 catoblepae
  The ghost of Perturabo the Carver, a novice HOFi of Beogh (D:10)
  27 ogre magi
  27 dancing weapons
  9 tengu warriors
  8 alligators
  A shock serpent (shapeshifter) (Vaults:4)
  14 deep troll earth magi
  7 vampire magi
  3 orc high priests (Orc:2)
  13 deep troll shamans
  5 spriggan berserkers
  A titan zombie (Crypt:1)
  7 death yaks
  Nergalle (D:11)
  4 titan skeletons
  17 hell knights
  A storm dragon zombie (Zig:10)
  23 deep elf knights
  5 sun demons
  6 soul eaters
  2 fire crabs (shapeshifter)
  5 iron trolls
  A spark wasp zombie (Zig:7)
  13 skeletal warriors
  38 deep trolls
  A cherub (Zig:2)
  An entropy weaver zombie (Vaults:1)
  A sea snake (shapeshifter) (D:11)
  2 spriggan druids
  An iron giant zombie (Crypt:1)
  An unseen horror (shapeshifter) (Vaults:4)
  4 shadow wraiths
  An infernal demonspawn (Zig:11)
  A golden dragon zombie (Depths:3)
  A shadow demon (Zig:11)
  3 tengu zombies
  7 glowing orange brains
  A swamp dragon (shapeshifter) (Depths:5)
  21 ironbrand convokers
  A sea snake (Lair:6)
  22 deep elf archers
  8 flayed ghosts
  15 necromancers
  7 unseen horrors
  A lindwurm (shapeshifter) (Zig:6)
  8 wizards
  2 golden dragon skeletons
  2 shambling mangroves
  12 swamp dragons
  11 harpies
  105 deep elf magi
  11 hill giants
  A mana viper (shapeshifter) (Zig:9)
  26 orc knights
  An orb spider (shapeshifter) (Depths:3)
  2 sphinx zombies
  A hell hog zombie (Crypt:2)
  42 wolf spiders
  38 orb spiders
  2 stone giant zombies
  8 phantasmal warriors
  7 cyclopes
  2 tengu skeletons
  54 ugly things
  8 orc sorcerers
  2 oklob plants (Zig:9)
  A faun (shapeshifter) (Depths:3)
  3 salamanders (Depths:4)
  A sphinx skeleton (Zig:10)
  A salamander (shapeshifter) (Vaults:2)
  3 moths of wrath (shapeshifter)
  A fire giant zombie (Zig:10)
  5 moths of wrath
  7 manticores
  An elephant (shapeshifter) (Vaults:1)
  5 centaur zombies
  A fire giant skeleton (Vaults:3)
  20 elephants
  A stone giant skeleton (Crypt:2)
  A guardian serpent (Vaults:2)
  15 vault sentinels
  An eye of devastation (shapeshifter) (Zig:9)
  6 black mambas
  A guardian serpent (shapeshifter) (Elf:2)
  6 rust devils
  19 spiny frogs
  5 gargoyles
  2 ice statues
  6 large abominations
  4 orange demons
  5 spectral swamp worms
  A frost giant skeleton (Depths:3)
  4 centaur skeletons
  A hellion (WizLab)
  4 torpor snails
  A dire elephant skeleton (Crypt:2)
  A spiny frog (shapeshifter) (Depths:1)
  A spriggan skeleton (Zig:10)
  2 kobold demonologists
  A hellwing (Depths:4)
  7 komodo dragons
  31 demonic crawlers
  5 guardian mummies (Crypt:3)
  2 yaktaurs (shapeshifter)
  8 rime drakes
  A rime drake (shapeshifter) (D:13)
  71 yaktaurs
  3 efreet
  5 tormentors
  2 ice devils
  A red draconian skeleton (Crypt:3)
  31 freezing wraiths
  A catoblepas skeleton (Crypt:3)
  An iron troll zombie (Crypt:3)
  3 red devils
  4 meliai
  3 tengu conjurers
  A troll (shapeshifter) (Depths:5)
  A meliai (shapeshifter) (Elf:3)
  6 polar bears
  A jumping spider (shapeshifter) (Vaults:4)
  6 tyrant leeches
  A hydra skeleton (Crypt:3)
  65 jumping spiders
  9 trolls
  42 two-headed ogres
  27 hornets
  5 wind drakes
  12 hippogriffs
  13 bog bodies
  A hippogriff (shapeshifter) (Depths:2)
  9 blink frogs
  A death drake skeleton (Crypt:3)
  61 slime creatures
  A snapping turtle (shapeshifter) (Vaults:3)
  An ettin zombie (Vaults:4)
  A spriggan zombie (D:15)
  10 dream sheep
  69 redbacks
  A spriggan (shapeshifter) (Depths:1)
  8 flying skulls
  21 tarantellas
  2 vampires
  8 spriggans
  2 ynoxinuls
  An ice dragon skeleton (Crypt:3)
  A shock serpent simulacrum (Crypt:3)
  6 air elementals
  An ettin skeleton (Vaults:3)
  5 shadows
  9 wyverns
  7 water elementals
  7 hungry ghosts
  2 small abominations (Swamp:4)
  5 basilisks
  45 yaks
  13 wraiths
  A wyvern (shapeshifter) (Vaults:3)
  A steam dragon (D:10)
  2 death yak simulacra (IceCv)
  32 vampire mosquitoes
  A chaos spawn (Zig:6)
  2 mottled dragons
  9 insubstantial wisps
  9 wargs
  A deep troll zombie (Vaults:4)
  25 swamp worms
  21 water moccasins
  2 floating eyes (Depths:4)
  5 porcupines
  A soldier ant (D:15)
  A water nymph skeleton (Crypt:1)
  8 swamp drakes
  48 orc warriors
  A snapping turtle zombie (Crypt:3)
  17 ice beasts
  5 sky beasts
  A black bear (Lair:5)
  7 necrophages
  6 boggarts (Vaults:3)
  2 eyes of draining
  A manticore zombie (Crypt:1)
  3 phantoms
  32 centaurs
  80 ogres
  5 wolves
  2 elf skeletons
  An orc skeleton (Vaults:1)
  18 crocodiles
  A snapping turtle skeleton (Crypt:1)
  A lindwurm skeleton (Crypt:3)
  A human zombie (Vaults:3)
  3 big kobolds
  A big kobold (shapeshifter) (Vaults:3)
  A spectral human (Crypt:1)
  A yaktaur zombie (Vaults:1)
  6 elf zombies
  3 wyvern zombies (D:8)
  22 bullfrogs
  3 earth elementals
  3 human skeletons
  3 gnoll sergeants
  A water moccasin zombie (D:7)
  3 scorpions
  20 killer bees
  A queen bee zombie (Crypt:3)
  27 wights
  9 electric eels
  5 howler monkeys
  7 crimson imps
  20 orc priests
  3 draconian simulacra (IceCv)
  3 jellies
  A quasit (D:7)
  4 bullfrog skeletons
  A bullfrog zombie (D:11)
  8 hounds
  A black bear skeleton (Crypt:1)
  4 iron imps
  A demonspawn skeleton (Crypt:3)
  9 iguanas
  38 orc wizards
  A polar bear simulacrum (IceCv)
  3 troll simulacra (IceCv)
  10 worker ants
  3 spriggan simulacra (IceCv)
  A wolf simulacrum (IceCv)
  Terence (D:3)
  2 killer bee zombies
  3 centaur simulacra (IceCv)
  A demigod skeleton (Crypt:1)
  2 hound zombies
  11 mummies
  A worker ant zombie (D:9)
  A howler monkey skeleton (D:5)
  13 adders
  6 naga simulacra (IceCv)
  A steam dragon zombie (Crypt:1)
  12 gnolls
  2 ogre simulacra (IceCv)
  A scorpion zombie (Crypt:2)
  7 shadow imps
  16 white imps
  An ooze (shapeshifter) (Vaults:5)
  An iguana zombie (Crypt:2)
  A lava snake zombie (Crypt:1)
  An adder skeleton (D:8)
  6 worms
  4 dart slugs
  3 leopard geckos
  114 orcs
  6 giant cockroaches
  4 goblins
  11 hobgoblins
  12 jackals
  A quokka (D:12)
  3 ball pythons
  A ball python zombie (Crypt:1)
  3 bats
  A frilled lizard (D:1)
  A giant cockroach zombie (D:6)
  A goblin skeleton (Crypt:2)
  2 jackal zombies
  7 kobolds
  An orc zombie (Crypt:3)
  2 quokka skeletons
  8 rats
  5 crawling corpses (Vaults:5)
  2 fungi
  7 plants
  16 withered plants (D:15)
2934 creatures vanquished.

Vanquished Creatures (collateral kills)
  A tengu zombie (Zig:7)
  A fire giant skeleton (Zig:10)
  A wight (Zig:10)
3 creatures vanquished.

Vanquished Creatures (others)
  A quicksilver dragon (Vaults:2)
  A fire giant (Depths:1)
  A deep elf mage (Elf:3)
  A wolf spider (Vaults:3)
  A tyrant leech (Swamp:1)
  2 hornets
  A spriggan (Depths:3)
  4 humans (Swamp:1)
  A swamp drake (Swamp:1)
  A centaur (Vaults:4)
  An orc (D:9)
  21 fire vortices
  30 fungi
  54 plants
  A withered plant (D:15)
121 creatures vanquished.

Grand Total: 3058 creatures vanquished

Notes
Turn   | Place    | Note
-------+----------+-------------------------------------------
     0 | D:1      | Mobo the Gargoyle Earth Elementalist began the quest for the Orb.
     0 | D:1      | Reached XP level 1. HP: 10/10 MP: 3/3
   807 | D:1      | Reached XP level 2. HP: 15/15 MP: 5/5
  1025 | D:1      | Reached skill level 4 in Earth Magic
  1411 | D:1      | Reached XP level 3. HP: 12/19 MP: 7/7
  1416 | D:1      | Learned a level 3 spell: Stone Arrow
  2913 | D:2      | Reached skill level 1 in Conjurations
  3476 | D:2      | Reached XP level 4. HP: 24/24 MP: 1/8
  3615 | D:3      | Found a bloodstained altar of Trog.
  3615 | D:3      | You fall through a shaft for 3 floors!
  3625 | D:6      | Noticed a bullfrog
  3630 | D:6      | Killed a bullfrog
  3630 | D:6      | Reached XP level 5. HP: 28/28 MP: 5/10
  3688 | D:5      | Entered Level 5 of the Dungeon
  3759 | D:5      | Reached skill level 5 in Earth Magic
  3845 | D:5      | Found Guiriex's Weapon Emporium.
  3936 | D:5      | Found Tinydur's Antique Weapon Boutique.
  3951 | D:5      | Noticed a water moccasin
  3994 | D:4      | Found an iron altar of Okawaru.
  4094 | D:4      | Found a snail-covered altar of Cheibriados.
  4097 | D:4      | Reached XP level 6. HP: 23/32 MP: 8/12
  4346 | D:4      | Killed a water moccasin
  4736 | D:3      | Noticed Terence
  4742 | D:3      | Killed Terence
  5236 | D:4      | Reached XP level 7. HP: 23/36 MP: 14/14
  5424 | D:4      | Reached skill level 5 in Spellcasting
  5806 | D:4      | Found a staircase to the Ecumenical Temple.
  5815 | Temple   | Entered the Ecumenical Temple
  5986 | D:5      | Found Jyujappykke's Magic Scroll Shop.
  6095 | D:5      | Found Motrusat's Book Emporium.
  6161 | D:5      | Reached skill level 6 in Earth Magic
  6593 | D:5      | Found Doclin's Distillery.
  6724 | D:5      | Bought a scroll of enchant weapon for 75 gold pieces
  6724 | D:5      | Bought a scroll of enchant weapon for 75 gold pieces
  6763 | D:6      | Reached XP level 8. HP: 29/41 MP: 4/17
  7038 | D:6      | Found Unooluh's Antique Weapon Emporium.
  7418 | D:6      | Reached skill level 7 in Earth Magic
  7464 | D:6      | Reached skill level 5 in Conjurations
  7800 | D:7      | Found Wadug's Assorted Antiques.
  7957 | D:7      | Reached XP level 9. HP: 41/45 MP: 6/20
  8094 | D:7      | Found a shimmering altar of Xom.
  8094 | D:7      | Found a sacrificial altar of Ru.
  8106 | D:7      | Found a radiant altar of Vehumet.
  8109 | D:7      | Found a deep blue altar of Sif Muna.
  8111 | D:7      | Found a glowing silver altar of Zin.
  8116 | D:7      | Became a worshipper of Vehumet
  8200 | D:7      | Got a warped quarterstaff
  8201 | D:7      | Identified the +2 quarterstaff of Ergharol {crush, Fragile rF+ Int+5 Dex+3} (You found it on level 7 of the Dungeon)
  8479 | D:7      | Reached skill level 1 in Armour
  8481 | D:7      | Reached skill level 8 in Earth Magic
  8739 | D:7      | Reached skill level 1 in Fighting
  8779 | D:7      | Reached skill level 1 in Long Blades
  9855 | D:8      | Learned a level 3 spell: Mephitic Cloud
  9861 | D:8      | Learned a level 5 spell: Lee's Rapid Deconstruction
  9922 | D:8      | Reached * piety under Vehumet
  9922 | D:8      | Offered knowledge of Freeze by Vehumet.
 10387 | D:8      | Reached XP level 10. HP: 55/55 MP: 22/22
 10731 | D:8      | Offered knowledge of Sting by Vehumet.
 10747 | D:8      | Reached ** piety under Vehumet
 11067 | D:8      | Found a shattered altar of Ashenzari.
 11338 | D:8      | Reached skill level 9 in Earth Magic
 12074 | D:9      | Noticed an elephant
 12074 | D:9      | Found a staircase to the Lair.
 12092 | D:9      | Killed an elephant
 12172 | D:9      | Identified a scroll of acquirement
 12175 | D:9      | Got a fine wooden ring
 12177 | D:9      | Identified the ring "Putosiol" {Ice Int+2} (You acquired it on level 9 of the Dungeon)
 12201 | D:9      | Learned a level 2 spell: Repel Missiles
 12220 | D:9      | Found a sparkling altar of Nemelex Xobeh.
 12220 | D:9      | Found an opulent altar of Gozag.
 12542 | D:9      | Offered knowledge of Throw Flame by Vehumet.
 12655 | D:9      | Found a staircase to the Orcish Mines.
 12772 | D:10     | Entered Level 10 of the Dungeon
 12781 | D:10     | Noticed Perturabo's ghost (novice HOFi)
 12904 | D:10     | Reached *** piety under Vehumet
 12928 | D:10     | Reached XP level 11. HP: 61/61 MP: 4/24
 12933 | D:10     | Noticed a hill giant
 13065 | D:10     | Offered knowledge of Airstrike by Vehumet.
 13337 | D:10     | Killed a hill giant
 13535 | D:9      | Reached skill level 5 in Armour
 13755 | D:10     | Killed Perturabo's ghost
 13755 | D:10     | Reached skill level 10 in Spellcasting
 13815 | D:10     | Noticed a hill giant
 13820 | D:10     | Killed a hill giant
 13820 | D:10     | Reached skill level 10 in Earth Magic
 13939 | D:10     | Got a distressingly furry leather armour
 13950 | D:10     | Identified the +5 leather armour of the Manifold Moons {rPois rN+} (You found it on level 10 of the Dungeon)
 13988 | D:10     | Found Anoat's Food Boutique.
 14542 | D:11     | Noticed Fannar
 14562 | D:11     | Killed Fannar
 14562 | D:11     | Reached **** piety under Vehumet
 14687 | D:11     | You fall through a shaft!
 14791 | D:12     | Paralysed by fainting for 5 turns
 14908 | D:12     | Found a labyrinth entrance.
 14922 | D:12     | Noticed Nergalle
 14927 | Lab      | Entered a labyrinth
 15017 | Lab      | Reached skill level 5 in Fighting
 15046 | Lab      | Killed an unseen horror
 15051 | Lab      | Got a polished falchion
 15151 | Lab      | Identified the +5 falchion of Pain and Death {venom, rElec} (You found it in a labyrinth)
 15246 | Lab      | Noticed a minotaur
 15262 | Lab      | Killed a minotaur
 15262 | Lab      | Reached XP level 12. HP: 42/68 MP: 16/26
 15385 | Lab      | Identified the Grimoire of Captivating Augmentations
 15385 | Lab      | Identified Sif Muna's Further Steps in Spellcraft
 15434 | Lab      | Learned a level 5 spell: Fireball
 15441 | Lab      | Learned a level 6 spell: Bolt of Fire
 15498 | D:11     | Offered knowledge of Inner Flame by Vehumet.
 15945 | D:11     | Gained mutation: You have a pair of small horns on your head. [potion of mutation]
 15945 | D:11     | Gained mutation: You can translocate small distances at will. [potion of mutation]
 15945 | D:11     | Gained mutation: You expend magic power (3 MP) to strengthen your wands. [potion of mutation]
 15946 | D:11     | Lost mutation: You can translocate small distances at will. [potion of cure mutation]
 15946 | D:11     | Lost mutation: You expend magic power (3 MP) to strengthen your wands. [potion of cure mutation]
 15946 | D:11     | Lost mutation: You have a pair of small horns on your head. [potion of cure mutation]
 15952 | D:11     | Gained mutation: Your spells are a little harder to cast, but a little more powerful. [potion of beneficial mutation]
 16068 | D:11     | Reached skill level 1 in Fire Magic
 16275 | D:11     | Killed Nergalle
 16444 | D:11     | Reached skill level 5 in Long Blades
 16841 | D:11     | Noticed a four-headed hydra
 16847 | D:11     | Killed a four-headed hydra
 16847 | D:11     | Reached skill level 5 in Dodging
 17339 | D:11     | Reached skill level 11 in Earth Magic
 17625 | D:11     | Reached ***** piety under Vehumet
 17625 | D:11     | Offered knowledge of Sticky Flame by Vehumet.
 19382 | D:12     | Reached XP level 13. HP: 65/75 MP: 28/28
 19895 | Lair:1   | Entered Level 1 of the Lair of Beasts
 21471 | Lair:2   | Found a staircase to the Swamp.
 21852 | Lair:3   | Found a frozen archway.
 21911 | IceCv    | Entered an ice cave
 22314 | IceCv    | Found an ancient bone altar of Kikubaaqudgha.
 22317 | IceCv    | Offered knowledge of Force Lance by Vehumet.
 22737 | IceCv    | Got a pair of jewelled gloves
 22748 | IceCv    | Identified the cursed +0 pair of gloves "Kuigrog" {rC+ Regen+ Dex-3} (You found it in an ice cave)
 22904 | Lair:3   | Found a hole to the Spider Nest.
 24761 | Lair:4   | Gained mutation: Your large and strong wings let you fly indefinitely. [Gargoyle growth]
 24761 | Lair:4   | Reached XP level 14. HP: 71/82 MP: 30/30
 24921 | Lair:4   | Reached skill level 12 in Earth Magic
 25862 | Lair:5   | Noticed Josephine
 25868 | Lair:5   | Killed Josephine
 25868 | Lair:5   | Reached skill level 5 in Fire Magic
 26346 | Lair:4   | Offered knowledge of Venom Bolt by Vehumet.
 26611 | Lair:4   | Learned a level 5 spell: Venom Bolt
 27783 | Lair:5   | Reached skill level 10 in Conjurations
 28619 | Lair:6   | Entered Level 6 of the Lair of Beasts
 29041 | Lair:6   | Found a viscous altar of Jiyva.
 29041 | Lair:6   | Found a staircase to the Slime Pits.
 30293 | Lair:6   | Reached XP level 15. HP: 89/89 MP: 27/32
 30447 | Lair:6   | Learned a level 5 spell: Bolt of Draining
 30470 | Lair:6   | Offered knowledge of Iron Shot by Vehumet.
 30495 | Lair:6   | Learned a level 6 spell: Iron Shot
 31232 | Lair:6   | Reached skill level 13 in Earth Magic
 33655 | D:14     | Offered knowledge of Bolt of Cold by Vehumet.
 34809 | D:14     | Found a gate to the Vaults.
 34830 | D:14     | Got an ancient flail
 34831 | D:14     | Identified the cursed +0 flail "Ewkyskeu" {crush, Str+6} (You found it on level 14 of the Dungeon)
 35351 | D:14     | Reached XP level 16. HP: 96/96 MP: 22/33
 35611 | D:14     | Learned a level 6 spell: Bolt of Cold
 35700 | D:15     | Entered Level 15 of the Dungeon
 35897 | D:15     | Found a staircase to the Depths.
 36875 | D:15     | Offered knowledge of Poison Arrow by Vehumet.
 36884 | D:15     | Learned a level 6 spell: Poison Arrow
 37440 | D:15     | Reached skill level 10 in Fighting
 37456 | Depths:1 | Entered Level 1 of the Depths
 37804 | Orc:1    | Entered Level 1 of the Orcish Mines
 37860 | Orc:1    | You are sucked into a shaft!
 37860 | Orc:2    | Entered Level 2 of the Orcish Mines
 38100 | Orc:1    | Found an iron altar of Okawaru.
 38921 | Orc:2    | Offered knowledge of Ozocubu's Refrigeration by Vehumet.
 39121 | Orc:2    | Found a staircase to the Elven Halls.
 39225 | Orc:2    | Found Liucwuah's Distillery.
 39225 | Orc:2    | Found Eboxar's Gadget Emporium.
 39399 | Orc:2    | Found Zuhef's Distillery.
 39399 | Orc:2    | Found Peic's Antique Weapon Emporium.
 39422 | Orc:2    | Bought a shimmering falchion for 240 gold pieces
 39422 | Orc:2    | Identified the +6 falchion of Vosuamag {drain, Dex+3} (You bought it in a shop on level 2 of the Orcish Mines)
 39424 | Orc:2    | Bought 2 potions of heal wounds for 160 gold pieces
 39424 | Orc:2    | Bought a potion of agility for 64 gold pieces
 39424 | Orc:2    | Bought a potion of curing for 48 gold pieces
 39424 | Orc:2    | Bought a potion of brilliance for 64 gold pieces
 39424 | Orc:2    | Bought a potion of might for 64 gold pieces
 39424 | Orc:2    | Bought a potion of agility for 64 gold pieces
 39424 | Orc:2    | Bought a potion of invisibility for 128 gold pieces
 39428 | Orc:2    | Bought a potion of agility for 56 gold pieces
 39428 | Orc:2    | Bought a potion of haste for 140 gold pieces
 39428 | Orc:2    | Bought a potion of might for 56 gold pieces
 39428 | Orc:2    | Bought a potion of flight for 42 gold pieces
 39428 | Orc:2    | Bought a potion of heal wounds for 70 gold pieces
 39428 | Orc:2    | Bought a potion of agility for 56 gold pieces
 39656 | Swamp:1  | Entered Level 1 of the Swamp
 39656 | Swamp:1  | Noticed Aizul
 39677 | Lair:2   | Killed Aizul
 40274 | Swamp:1  | Noticed Kirke
 40278 | Swamp:1  | Killed Kirke
 40383 | Swamp:1  | Noticed Donald
 40486 | Swamp:1  | Killed Donald
 40869 | Swamp:1  | Reached skill level 14 in Earth Magic
 41692 | Swamp:2  | Reached XP level 17. HP: 103/103 MP: 35/35
 42035 | Swamp:2  | Got an ichor-stained helmet
 42046 | Swamp:2  | Identified the +1 helmet of an ossuary {rC+} (You found it on level 2 of the Swamp)
 42339 | Swamp:2  | Reached ****** piety under Vehumet
 42908 | Swamp:3  | Noticed Kloppie's ghost (adept DsBe)
 43279 | Swamp:3  | Killed Kloppie's ghost
 44097 | Swamp:3  | Offered knowledge of Lehudib's Crystal Spear by Vehumet.
 44097 | Swamp:3  | Offered knowledge of Fire Storm by Vehumet.
 44097 | Swamp:3  | Offered knowledge of Shatter by Vehumet.
 44733 | Swamp:4  | Entered Level 4 of the Swamp
 44879 | Swamp:4  | Reached skill level 15 in Spellcasting
 45939 | Swamp:4  | Noticed a tentacled monstrosity
 46203 | Swamp:4  | Reached skill level 15 in Earth Magic
 46379 | Swamp:4  | Killed a tentacled monstrosity
 47123 | Swamp:4  | Reached XP level 18. HP: 86/110 MP: 13/37
 47307 | Swamp:4  | Got a decaying rune of Zot
 47486 | Spider:1 | Entered Level 1 of the Spider Nest
 47498 | Spider:1 | Reached skill level 16 in Earth Magic
 47498 | Spider:1 | Reached XP level 19. HP: 115/115 MP: 38/38
 48444 | Spider:1 | Reached skill level 10 in Long Blades
 48653 | Spider:2 | Noticed toffzen's ghost (adept GrGl)
 48663 | Spider:2 | Killed toffzen's ghost
 50474 | Spider:2 | Learned a level 5 spell: Bolt of Magma
 51165 | Spider:3 | Noticed Louise
 51171 | Spider:3 | Killed Louise
 51171 | Spider:3 | Reached skill level 10 in Fire Magic
 52178 | Spider:3 | Reached skill level 17 in Earth Magic
 52808 | Spider:4 | Entered Level 4 of the Spider Nest
 52890 | Spider:4 | Reached XP level 20. HP: 122/122 MP: 12/39
 53170 | Spider:4 | Noticed Asterion
 53172 | Spider:4 | Noticed Jorgrun
 53175 | Spider:4 | Killed Asterion
 53444 | Spider:3 | Killed Jorgrun
 53588 | Spider:3 | HP: 5/122 [wolf spider (26)]
 54431 | Spider:4 | Identified the Catalogue of the Oath
 55467 | Spider:4 | Noticed Arachne
 55473 | Spider:4 | Killed Arachne
 55818 | Spider:4 | Reached skill level 10 in Dodging
 55947 | Spider:4 | Got a gossamer rune of Zot
 57195 | D:10     | Bought a bread ration for 50 gold pieces
 57195 | D:10     | Bought a meat ration for 50 gold pieces
 57195 | D:10     | Bought a meat ration for 50 gold pieces
 57195 | D:10     | Bought a slice of pizza for 15 gold pieces
 57195 | D:10     | Bought a meat ration for 50 gold pieces
 57195 | D:10     | Bought a meat ration for 50 gold pieces
 57195 | D:10     | Bought a beef jerky for 15 gold pieces
 57195 | D:10     | Bought a bread ration for 50 gold pieces
 57195 | D:10     | Bought a bread ration for 50 gold pieces
 57195 | D:10     | Bought 3 fruits for 45 gold pieces
 57195 | D:10     | Bought a beef jerky for 15 gold pieces
 57195 | D:10     | Bought a bread ration for 50 gold pieces
 57329 | Vaults:1 | Entered Level 1 of the Vaults
 57648 | Vaults:1 | Reached skill level 18 in Earth Magic
 57872 | Vaults:1 | Found Tunny's Weapon Shoppe.
 58620 | Vaults:1 | Reached XP level 21. HP: 113/128 MP: 41/41
 60870 | Vaults:2 | Paralysed by a great orb of eyes for 6 turns
 60884 | Vaults:2 | Paralysed by a great orb of eyes for 3 turns
 61515 | Vaults:2 | Found a staircase to the Crypt.
 62393 | Vaults:2 | Reached skill level 19 in Earth Magic
 62547 | Vaults:2 | Found Ruriacuk's Magic Scroll Emporium.
 62555 | Vaults:2 | Bought a scroll of identify for 44 gold pieces
 62555 | Vaults:2 | Bought a scroll of identify for 44 gold pieces
 62555 | Vaults:2 | Bought a scroll of identify for 44 gold pieces
 62555 | Vaults:2 | Bought a scroll of teleportation for 66 gold pieces
 62555 | Vaults:2 | Bought a scroll of teleportation for 66 gold pieces
 62555 | Vaults:2 | Bought a scroll of teleportation for 66 gold pieces
 62729 | Vaults:2 | Paralysed by a sphinx for 3 turns
 63184 | Vaults:2 | Reached XP level 22. HP: 136/136 MP: 38/43
 65657 | Vaults:3 | Reached skill level 15 in Conjurations
 66154 | Vaults:3 | Got a brightly glowing long sword
 66155 | Vaults:3 | Identified the +1 long sword of Accidental Termination {protect, -Tele +Rage rC+ Str+4} (You found it on level 3 of the Vaults)
 66654 | Vaults:3 | Noticed Nikola
 66670 | Vaults:3 | Killed Nikola
 68037 | Vaults:3 | Reached skill level 20 in Earth Magic
 68419 | Vaults:4 | Noticed Xtahua
 68429 | Vaults:3 | Killed Xtahua
 69441 | Vaults:3 | Learned a level 9 spell: Shatter
 69446 | Vaults:4 | Reached XP level 23. HP: 141/141 MP: 31/45
 71646 | Vaults:5 | Entered Level 5 of the Vaults
 71647 | Vaults:5 | Reached skill level 21 in Earth Magic
 71655 | Vaults:5 | Noticed a golden dragon
 71662 | Vaults:5 | Killed a golden dragon
 71662 | Vaults:5 | Reached skill level 22 in Earth Magic
 71662 | Vaults:5 | Reached XP level 24. HP: 73/148 MP: 42/45
 72354 | Vaults:5 | Noticed Mara
 72455 | Vaults:5 | Killed Mara
 72798 | Vaults:5 | Noticed Boris
 72804 | Vaults:5 | Killed Boris
 73346 | Vaults:5 | Identified Sif Muna's Disquisition on Creative Black Secrets
 73357 | Vaults:5 | Got a silver rune of Zot
 73365 | Vaults:5 | Identified Mnoleg's Handbook of Companions
 73375 | Vaults:5 | Identified the Incunabulum of Earth and Changing
 73421 | Vaults:5 | Identified the Incunabulum of Glacial Sinister Magic
 73544 | Vaults:5 | Identified the Collected Works on Congealing Enhancements
 73719 | Vaults:5 | Noticed an ancient lich
 73726 | Vaults:5 | Killed an ancient lich
 73989 | Vaults:5 | Found Hepsiq's Assorted Antiques.
 74002 | Vaults:5 | Bought a scroll of identify for 90 gold pieces
 74002 | Vaults:5 | Bought a potion of heal wounds for 225 gold pieces
 74002 | Vaults:5 | Bought a scroll of teleportation for 135 gold pieces
 74476 | Vaults:5 | Upgraded the game from 0.19.3-4-gbf9329e to 0.19.4
 74869 | Elf:1    | Entered Level 1 of the Elven Halls
 75190 | Elf:1    | Reached XP level 25. HP: 154/154 MP: 43/47
 75802 | Elf:1    | Identified the Grimoire of Evil Magic
 76345 | Elf:2    | Noticed Saint Roka
 76349 | Elf:2    | Killed Saint Roka
 76512 | Elf:2    | Noticed Roxanne
 76515 | Elf:2    | Killed Roxanne
 76524 | Elf:2    | Identified Roxanne's Collected Works on Moulding (You took it off Roxanne on level 2 of the Elven Halls)
 76708 | Elf:2    | Gained mutation: You have a somewhat thin skeletal structure. (Dex +2, Stealth) [potion of beneficial mutation]
 76797 | Elf:2    | Found a huge runed gate.
 76797 | Elf:2    | Found a huge runed gate.
 76797 | Elf:2    | Found a huge runed gate.
 76797 | Elf:2    | Found a huge runed gate.
 76801 | Elf:2    | Found a huge runed gate.
 77318 | Elf:3    | Entered Level 3 of the Elven Halls
 78176 | Elf:3    | Reached skill level 15 in Fighting
 78182 | Elf:3    | Reached skill level 23 in Earth Magic
 79357 | Depths:1 | Reached XP level 26. HP: 134/161 MP: 32/47
 79397 | Depths:1 | Noticed Bai Suzhen
 79493 | Depths:1 | Killed Bai Suzhen
 79879 | Depths:1 | Found a gateway to Hell.
 80164 | Depths:1 | Found a shattered altar of Ashenzari.
 80612 | Depths:2 | Reached skill level 1 in Shields
 80945 | Depths:2 | Found Ymasoll's Food Shop.
 81023 | Depths:2 | Noticed a juggernaut
 81027 | Depths:2 | Killed a juggernaut
 81597 | Depths:2 | Identified the +1 leather armour of the Fife {rN++ MR-} (You found it on level 2 of the Depths)
 82383 | Depths:3 | Reached XP level 27. HP: 168/168 MP: 33/48
 82388 | Depths:3 | Reached skill level 15 in Fire Magic
 82788 | Depths:3 | Found a gateway to a ziggurat.
 82789 | Depths:3 | Found a one-way gate leading to the halls of Pandemonium.
 82812 | Depths:3 | Found a magical portal.
 82821 | WizLab   | Entered The Hall of the Hellbinder
 83609 | WizLab   | Found a burning altar of Makhleb.
 83639 | WizLab   | Identified Sif Muna's Handbook of the Entourage
 83694 | WizLab   | Identified the Catalogue of the Escort
 84052 | Depths:3 | Reached skill level 5 in Shields
 84845 | Depths:4 | Noticed Angani's ghost (adept CeHu)
 84854 | Depths:4 | Noticed Frederick
 85047 | Depths:4 | Killed Frederick
 85575 | Depths:4 | Killed Angani's ghost
 85832 | Depths:4 | Found a corrupted altar of Lugonu.
 85832 | Depths:4 | Found a one-way gate to the infinite horrors of the Abyss.
 86018 | Depths:4 | Noticed a juggernaut
 86965 | Depths:4 | Killed a juggernaut
 86965 | Depths:4 | Reached skill level 24 in Earth Magic
 87160 | Depths:4 | Identified Idaqei's Tome of Envenoming
 87666 | Depths:5 | Entered Level 5 of the Depths
 87926 | Depths:4 | Learned a level 9 spell: Fire Storm
 88262 | Depths:5 | Noticed Boris
 88323 | Depths:5 | Killed Boris
 88576 | Depths:5 | Found a gate to the Realm of Zot.
 88947 | Depths:5 | Noticed Margery
 88953 | Depths:5 | Killed Margery
 89778 | Crypt:1  | Entered Level 1 of the Crypt
 90116 | Crypt:1  | Gained mutation: Your natural rate of healing is unusually fast. [potion of beneficial mutation]
 90459 | Crypt:1  | Found an ancient bone altar of Kikubaaqudgha.
 91830 | Crypt:3  | Entered Level 3 of the Crypt
 92631 | Crypt:3  | Noticed an ancient lich
 92635 | Crypt:3  | Killed an ancient lich
 92645 | Crypt:3  | Noticed an ancient lich
 92991 | Crypt:3  | Killed an ancient lich
 93182 | Crypt:3  | Identified a +2 pair of boots of running (You found it on level 3 of the Crypt)
 93184 | Crypt:3  | Identified the Handbook of Evil Arts
 93759 | Crypt:3  | Found a staircase to the Tomb.
 94632 | D:15     | Learned a level 9 spell: Glaciate
 94738 | Zig:1    | Entered Level 1 of a ziggurat
 94758 | Zig:2    | Entered Level 2 of a ziggurat
 95008 | Zig:3    | Entered Level 3 of a ziggurat
 95392 | Zig:4    | Entered Level 4 of a ziggurat
 95663 | Zig:5    | Entered Level 5 of a ziggurat
 95667 | Zig:5    | Noticed an ancient lich
 95669 | Zig:5    | Killed an ancient lich
 95965 | Zig:6    | Entered Level 6 of a ziggurat
 96226 | Zig:7    | Entered Level 7 of a ziggurat
 96226 | Zig:7    | Noticed coldbreeze's ghost (legendary DrCj)
 96233 | Zig:7    | Killed coldbreeze's ghost
 96404 | Zig:8    | Entered Level 8 of a ziggurat
 96568 | Zig:9    | Entered Level 9 of a ziggurat
 96575 | Zig:9    | Noticed an ancient lich
 96575 | Zig:9    | Noticed an ancient lich
 96578 | Zig:9    | Killed an ancient lich
 96579 | Zig:9    | Killed an ancient lich
 96607 | Zig:9    | Identified the +7 scimitar of Autumn {flame, Str+5} (You found it on level 9 of a ziggurat)
 96628 | Zig:9    | Got a crude jade ring
 96629 | Zig:9    | Identified the ring of Ophinesu {rPois Str+4 Stlth-} (You found it on level 9 of a ziggurat)
 96760 | Zig:10   | Entered Level 10 of a ziggurat
 97028 | Zig:10   | Identified the Reference Book on Shifting Darkness
 97041 | Zig:11   | Entered Level 11 of a ziggurat
 97055 | Zig:11   | Noticed Vaskiuro the pandemonium lord
 97075 | Zig:11   | Slain by Vaskiuro the pandemonium lord

Skill      XL: |  1  2  3  4  5  6  7  8  9 10 11 12 13 14 15 16 17 18 19 20 21 22 23 24 25 26 27 |
---------------+----------------------------------------------------------------------------------+-----
Earth Magic    | 4 5 6 7 8 9 10 11 12 13 14 15 16 17 18 19 20 22 23 24 | 24.2
Conjurations   | 1 2 3 4 5 6 7 8 9 10 11 12 13 14 15 16 18 | 18.2
Spellcasting   | 3 4 6 7 8 9 10 11 12 13 14 15 16 17 18 20 21 22 | 22.0
Armour         | 2 4 5 7 8 9 |  9.0
Fighting       | 2 4 5 6 7 8 9 10 11 12 13 14 15 17 | 17.1
Dodging        | 2 3 4 5 6 7 8 9 10 11 12 13 | 13.1
Long Blades    | 2 3 4 5 6 7 8 9 10 11 12 13 14 | 14.9
Fire Magic     | 3 4 6 7 8 9 10 11 12 14 22 | 22.3
Shields        | 3 6 |  6.0
Stealth        | |  2.1
Transmutations | |  0.7

Action                   |  1- 3 |  4- 6 |  7- 9 | 10-12 | 13-15 | 16-18 | 19-21 | 22-24 | 25-27 || total
-------------------------+-------+-------+-------+-------+-------+-------+-------+-------+-------++-------
Melee: Club              |    25 |       |       |       |       |       |       |       |       ||    25
       Short sword       |   106 |       |       |       |       |       |       |       |       ||   106
       Falchion          |       |    40 |   269 |   662 |  1019 |   528 |       |       |       ||  2518
       Quarterstaff      |       |       |    52 |       |       |       |       |       |       ||    52
       Scimitar          |       |       |       |       |       |   180 |  1089 |   300 |    55 ||  1624
       Staff             |       |       |       |       |       |       |       |       |    37 ||    37
       Demon blade       |       |       |       |       |       |       |       |       |   695 ||   695
 Cast: Sandblast         |    25 |    48 |     2 |     6 |     1 |     1 |       |       |       ||    83
       Stone Arrow       |     1 |     4 |    44 |   155 |    97 |     3 |     6 |     4 |     1 ||   315
       Lee's Rapid Decon |       |       |       |    14 |    48 |    37 |    13 |    10 |    32 ||   154
       Repel Missiles    |       |       |       |     4 |     2 |     3 |     6 |     8 |     5 ||    28
       Fireball          |       |       |       |       |    54 |    30 |    39 |    64 |    12 ||   199
       Venom Bolt        |       |       |       |       |    31 |       |       |       |       ||    31
       Bolt of Draining  |       |       |       |       |    42 |       |       |       |       ||    42
       Iron Shot         |       |       |       |       |    12 |   135 |   208 |   168 |   295 ||   818
       Bolt of Fire      |       |       |       |       |    12 |   134 |   132 |   119 |   103 ||   500
       Mephitic Cloud    |       |       |       |       |     1 |       |       |       |       ||     1
       Poison Arrow      |       |       |       |       |       |       |    49 |     4 |     4 ||    57
       Bolt of Magma     |       |       |       |       |       |       |    21 |     5 |     5 ||    31
       Bolt of Cold      |       |       |       |       |       |       |     7 |     2 |    16 ||    25
       Shatter           |       |       |       |       |       |       |       |    47 |   210 ||   257
       Fire Storm        |       |       |       |       |       |       |       |       |    17 ||    17
 Abil: Fly               |       |       |       |       |     1 |       |       |       |     3 ||     4
       Stop Flying       |       |       |       |       |       |       |       |     1 |     2 ||     3
Evoke: Wand              |       |     5 |     3 |     4 |       |       |    14 |       |     2 ||    28
  Use: Scroll            |       |    12 |     7 |    11 |    24 |     7 |    20 |    10 |    32 ||   123
       Potion            |       |     1 |     2 |    10 |     9 |     4 |    23 |    10 |    15 ||    74
 Stab: Sleeping          |     4 |     1 |     1 |     1 |     3 |     1 |     1 |       |     2 ||    14
       Distracted        |       |       |       |       |       |       |     2 |       |     5 ||     7
       Invisible         |       |       |       |       |       |       |     2 |       |       ||     2
  Eat: Chunk             |     8 |     3 |    17 |    32 |    54 |    57 |    51 |    42 |    56 ||   320
       Pizza             |       |     2 |       |     3 |     1 |     2 |     2 |     3 |     4 ||    17
       Fruit             |       |       |     3 |     4 |    20 |     5 |     9 |     3 |    10 ||    54
       Royal jelly       |       |       |     1 |       |       |       |       |       |     2 ||     3
       Beef jerky        |       |       |       |     1 |     5 |     2 |     4 |       |     2 ||    14
       Bread ration      |       |       |       |       |       |     8 |    13 |     7 |     4 ||    32
       Meat ration       |       |       |       |       |       |     1 |       |       |     6 ||     7
Armor: Robe              |    30 |    24 |   139 |   114 |    13 |       |       |    11 |   248 ||   579
       Leather armour    |       |       |       |   245 |   472 |   428 |  1120 |   229 |   135 ||  2629
       Skin              |       |       |       |       |     2 |       |       |       |       ||     2
Dodge: Dodged            |    86 |    71 |   464 |   763 |  1000 |   859 |  2006 |   477 |   810 ||  6536
       Deflected         |       |       |       |    13 |    11 |     7 |    13 |    35 |    35 ||   114
Block: Buckler           |       |       |       |       |       |       |       |       |   224 ||   224
       Rpst.: Falchion   |       |    15 |    99 |   204 |   265 |   175 |       |       |       ||   758
       Scimitar          |       |       |       |       |       |    47 |   385 |    86 |    18 ||   536
       Demon blade       |       |       |       |       |       |       |       |       |   111 ||   111
